 Dungeon Crawl Stone Soup version 0.28-a0-1235-g7c8fac35f0 (webtiles) character file.

Game seed: 2077103617425042664

21205 a11behringer the Fencer (level 12, -5/108 HPs)
             Began as a Minotaur Berserker on Dec 25, 2021.
             Was a High Priest of Trog.
             Slain by a white ugly thing (31 damage)
             ... on level 13 of the Dungeon.
             The game lasted 00:40:13 (12477 turns).

a11behringer the Fencer (Minotaur Berserker)       Turns: 12477, Time: 00:40:13

Health: -5/108     AC: 25    Str: 33    XL:     12   Next: 52%
Magic:  11/11      EV:  9    Int:  6    God:    Trog [*****.]
Gold:   436        SH: 12    Dex: 14    Spells: 11/11 levels left

rFire   . . .      SeeInvis .   b - +6 scimitar "Gram" {drain, Int+2}
rCold   x . .      Faith    .   m - +2 kite shield {reflect}
rNeg    + . .      Spirit   .   j - +1 plate armour
rPois   .          Reflect  +   S - +0 hat {Will+}
rElec   .          Harm     .   Q - +2 cloak
rCorr   .          Rampage  .   (no gloves)
Will    ++...                   f - +0 pair of boots of Time Monsters {rC- rN+ Str+8 Dex+2}
Stlth   ..........              X - amulet of regeneration
HPRegen 1.08/turn               v - +4 ring of protection
MPRegen 0.12/turn               r - ring of willpower

@: about to teleport, studying Armour
A: horns 2, retaliatory headbutt
a: Renounce Religion, Berserk, Trog's Hand, Brothers in Arms


You were on level 13 of the Dungeon.
You worshipped Trog.
Trog was extremely pleased with you.
You visited 1 branch of the dungeon, and saw 12 of its levels.
You also visited: Sewer and Bailey.

You collected 792 gold pieces.
You spent 356 gold pieces at shops.

Inventory:

Hand Weapons
 a - a +1 falchion
 b - the +6 scimitar "Gram" (weapon) {drain, Int+2}
   (You bought it in a shop on level 13 of the Dungeon)

   A truly terrible weapon, it drains the life of any living foe it strikes.
   Int:       It affects your intelligence (+2).
 e - a +5 antimagic double sword
 g - the +5 bardiche of Zaneni {flame, rC+++ Will++ Stlth-}
   (You found it in a bailey)

   It burns those it strikes, dealing additional fire damage.
   Big, fiery blades are also staple armaments of hydra-hunters.
   rC:        It renders you almost immune to cold.
   Will:      It greatly increases your willpower.
   Stlth:     It makes you less stealthy.
 y - the +9 fustibalus "Anneteish" {flame, Stlth+}
   (You acquired it on level 7 of the Dungeon)

   Any ammunition fired from it burns those it strikes, dealing additional fire
   damage.
   Stlth:     It makes you more stealthy.
 F - a +0 scimitar
 I - a +1 long sword of freezing
 M - a +1 short sword of venom
 N - a +0 shortbow of flaming
Missiles
 l - 36 poisoned darts (quivered)
 A - 115 sling bullets
Armour
 f - the +0 pair of boots of Time Monsters (worn) {rC- rN+ Str+8 Dex+2}
   (You acquired it on level 5 of the Dungeon)

   Str:       It affects your strength (+8).
   Dex:       It affects your dexterity (+2).
   rC:        It makes you vulnerable to cold.
   rN:        It protects you from negative energy.
 j - a +1 plate armour (worn)
 m - a +2 kite shield of reflection (worn)
 D - a +0 buckler
 O - a +4 chain mail
 Q - a +2 cloak (worn)
 S - a +0 hat of willpower (worn)
Jewellery
 r - a ring of willpower (right hand)
 v - a +4 ring of protection (left hand)
 B - an amulet of reflection
 C - a +4 ring of protection
 V - a +4 ring of evasion
 X - an amulet of regeneration (around neck)
 Y - a +4 ring of protection
Wands
 t - a wand of iceblast (13)
 G - a wand of digging (3)
 K - a wand of charming (11)
 R - a wand of flame (25)
 U - a wand of polymorph (4)
Scrolls
 k - 3 scrolls of enchant weapon
 q - 4 scrolls of teleportation
 z - 2 scrolls of fear
 L - a scroll of fog
Potions
 c - a potion of resistance {unknown}
 d - 2 potions of attraction {unknown}
 h - 5 potions of curing
 i - 9 potions of heal wounds {unknown}
 n - 5 potions of brilliance {unknown}
 s - 2 potions of ambrosia {unknown}
 u - 5 potions of cancellation {unknown}
 w - 4 potions of mutation
 x - 2 potions of magic {unknown}
 E - a potion of haste {unknown}
 H - 2 potions of lignification {unknown}
 J - 3 potions of flight {unknown}
 T - 3 potions of might {unknown}
Miscellaneous
 o - a phantom mirror
 p - a condenser vane


   Skills:
 + Level 10.7 Fighting
 * Level 16.3 Long Blades
 * Level 5.8 Slings
 + Level 0.7(3.3) Throwing
 * Level 12.6 Armour
 - Level 5.5 Dodging
 * Level 7.5 Shields


You had 11 spell levels left.
You didn't know any spells.
Your spell library was empty.

Dungeon Overview and Level Annotations

Branches:
Dungeon (13/15)            Temple (0/1) D:6            Lair (0/6) D:9
    Orc (0/2) D:9          Vaults (0/5) D:13          Sewer (visited)
 Bailey (visited)

Altars:
Dithmenos
Elyvilon
Fedhas
Gozag
Kikubaaqudgha
Nemelex Xobeh
Qazlal
Ru
Wu Jian
Yredelemnul
Zin

Shops:
D:9 *   D:13 ([*[

Annotations:
D:4 exclusion: oklob plant


Innate Abilities, Weirdness & Mutations

You have a pair of horns on your head.
You reflexively headbutt those who attack you in melee.


Message History

You slash the raiju!
The raiju is moderately wounded.
The raiju bites you but does no damage. The white ugly thing bites you.
The white ugly thing freezes you!!!
You feel a terrible chill!
You closely miss the raiju. Your headbutt misses the raiju.
The raiju is moderately wounded.
The raiju bursts into living lightning!
The living lightning hits you!
The raiju blinks!
The white ugly thing bites you but does no damage.
You are too injured to fight recklessly!
You are too injured to fight recklessly!
As you read the scroll of teleportation, it crumbles to dust.
You feel strangely unstable. The golden eye blinks at you.
You resist with almost no effort. You block the raiju's attack.
You block the white ugly thing's attack.
You are too injured to fight recklessly!
You are too injured to fight recklessly!
You are too injured to fight recklessly!
You barely miss the golden eye.
The raiju bursts into living lightning!
The living lightning hits you!!
* * * LOW HITPOINT WARNING * * *
The raiju blinks!
The white ugly thing bites you but does no damage.
You closely miss the white ugly thing.
The raiju changes into a jumping spider!
The golden eye blinks at you. You resist with almost no effort.
You slash the golden eye! You drain the golden eye.
You kill the golden eye!
Trog accepts your kill.
The white ugly thing bites you but does no damage.
You block the jumping spider's attack. x2
You slice the white ugly thing!! You headbutt the white ugly thing.
The white ugly thing is moderately wounded.
The white ugly thing bites you.
* * * LOW HITPOINT WARNING * * *
The white ugly thing freezes you!!
You feel a terrible chill!
You die...

..y** ******,* #.# ..,,* *,*
#.# .#,,# ##+#* #.### .#,.#
##.>.#* #...# .#..# *#..$..#*
####.# ##..# **.......##
##.##.#####
....###*,........####.........#
.......+,......s.'........###.#
#...###*,......u@####.....# #.#
#*.## **.......## ##.#..# #.#
#### *#.....#* ###..# #.# ..#
##...#* #..# #.# #.# ##+#* #..#
#.# #.# #.# #..###.# #.# #.#
########..."..# #.##########.##
#.........#####
#........)....###.######..#


You could see a white ugly thing and a jumping spider shaped shifter.

Vanquished Creatures
  Gastronok (D:9)
  A vault guard (D:13)
  A tengu warrior (D:13)
  2 centaur warriors (D:13)
  3 two-headed ogres (D:10)
  2 necromancers (D:13)
  An oklob plant (D:6)
  A manticore (D:13)
  A cyclops (D:11)
  A komodo dragon (D:10)
  An unseen horror (D:11)
  A tengu conjurer (D:13)
  2 trolls
  A wyvern (D:8)
  10 yaks (D:8)
  A wraith (D:13)
  18 humans (D:13)
  A golden eye (shapeshifter) (D:13)
  A steam dragon (D:7)
  5 vampire mosquitoes
  2 acid dragons
  2 water moccasins
  A sky beast (D:6)
  15 orc warriors
  3 ogres
  17 centaurs
  A black bear (D:4)
  3 kobold brigands
  A gnoll sergeant (D:6)
  A bullfrog (D:6)
  2 water moccasin zombies (D:5)
  A water moccasin skeleton (D:6)
  9 killer bees (D:7)
  5 howler monkeys
  3 centaur zombies
  2 hounds (D:4)
  15 jellies
  10 orc priests
  A centaur skeleton (D:6)
  3 iguanas
  5 orc wizards
  A hound zombie (D:5)
  A hound skeleton (D:4)
  Robin (D:3)
  14 gnolls
  A howler monkey skeleton (D:5)
  3 river rats
  6 adders
  2 white imps
  3 ufetubi
  An adder skeleton (D:4)
  A worm (D:3)
  2 dart slugs
  39 orcs
  8 ball pythons
  9 bats
  23 endoplasms
  4 giant cockroaches
  30 goblins
  7 hobgoblins
  6 jackals
  2 quokkas (D:1)
  2 frilled lizards (Sewer)
  16 kobolds
  14 rats
353 creatures vanquished.

Vanquished Creatures (collateral kills)
  A vault guard (D:13)
  3 humans (D:13)
4 creatures vanquished.

Vanquished Creatures (others)
  A bullfrog (D:7)
  A centaur skeleton (D:7)
  An orc (Bailey)
  3 fungi (D:6)
6 creatures vanquished.

Grand Total: 363 creatures vanquished

Notes
Turn   | Place    | Note
-------+----------+-------------------------------------------
     0 | D:1      | a11behringer the Minotaur Berserker began the quest for the
                  | Orb.
     0 | D:1      | Reached XP level 1. HP: 19/19 MP: 0/0
   366 | D:1      | Reached skill level 4 in Long Blades
   366 | D:1      | Reached XP level 2. HP: 18/27 MP: 1/1
  1019 | D:2      | Reached XP level 3. HP: 30/33 MP: 2/2
  1249 | D:2      | Reached skill level 5 in Long Blades
  1291 | D:2      | Reached XP level 4. HP: 40/41 MP: 3/3
  1484 | D:2      | Reached ** piety under Trog
  2129 | D:3      | Reached XP level 5. HP: 38/47 MP: 4/4
  2214 | D:3      | Found an ornate altar of the Wu Jian Council.
  2240 | D:3      | Reached skill level 6 in Long Blades
  2461 | D:3      | Found a sacrificial altar of Ru.
  2890 | D:3      | Noticed Robin
  2899 | D:3      | Killed Robin
  2902 | D:3      | Reached XP level 6. HP: 53/53 MP: 5/5
  3339 | D:4      | Reached skill level 7 in Long Blades
  3361 | D:4      | Reached *** piety under Trog
  3652 | D:4      | Reached skill level 8 in Long Blades
  3766 | D:4      | Reached XP level 7. HP: 60/60 MP: 6/6
  4154 | D:4      | Found a blossoming altar of Fedhas.
  4168 | D:4      | Noticed an oklob plant
  4418 | D:5      | Entered Level 5 of the Dungeon
  4456 | D:5      | Reached skill level 5 in Fighting
  4559 | D:5      | Identified a scroll of acquirement
  4559 | D:5      | Acquired the +0 pair of boots of Time Monsters {rC- rN+
                  | Str+8 Dex+2}
  4580 | D:5      | Reached skill level 9 in Long Blades
  4879 | D:5      | Reached skill level 5 in Armour
  4879 | D:5      | Reached XP level 8. HP: 48/68 MP: 7/7
  4940 | D:5      | Found a glowing drain.
  4957 | Sewer    | Entered a sewer
  5205 | Sewer    | Found a viscous altar of Jiyva.
  5210 | Sewer    | Reached **** piety under Trog
  5612 | D:5      | Reached skill level 10 in Long Blades
  5658 | D:5      | Found a sparkling altar of Nemelex Xobeh.
  6136 | D:6      | Found a white marble altar of Elyvilon.
  6237 | D:6      | Found a staircase to the Ecumenical Temple.
  6316 | D:6      | Noticed an oklob plant
  6337 | D:6      | Reached skill level 11 in Long Blades
  6669 | D:6      | HP: 3/70 [oklob plant/splash of acid (27)]
  6675 | D:6      | Killed an oklob plant
  6676 | D:6      | Reached XP level 9. HP: 24/77 MP: 8/8
  7062 | D:6      | Reached skill level 12 in Long Blades
  7132 | D:6      | Found an opulent altar of Gozag.
  7132 | D:6      | Found a glowing silver altar of Zin.
  7343 | D:6      | Found a basalt altar of Yredelemnul.
  7905 | D:7      | Reached skill level 1 in Shields
  7911 | D:7      | Reached skill level 1 in Slings
  8113 | D:7      | Reached skill level 13 in Long Blades
  8728 | D:8      | Reached XP level 10. HP: 80/84 MP: 9/9
  8799 | D:8      | Reached skill level 14 in Long Blades
  8912 | D:8      | Reached ***** piety under Trog
  9079 | D:9      | Found a staircase to the Lair.
  9134 | D:9      | Noticed Gastronok
  9148 | D:9      | Killed Gastronok
  9188 | D:9      | Found Jeorpheyv's Assorted Antiques.
  9196 | D:9      | Bought a scroll labelled HIMIAN ZIEZET for 32 gold pieces
  9199 | D:9      | Acquired the +9 fustibalus "Anneteish" {flame, Stlth+}
  9207 | D:9      | Found a staircase to the Orcish Mines.
  9525 | D:9      | Found a shadowy altar of Dithmenos.
  9782 | D:10     | Entered Level 10 of the Dungeon
  9800 | D:10     | Noticed a two-headed ogre
  9807 | D:10     | Killed a two-headed ogre
  9808 | D:10     | Reached skill level 15 in Long Blades
  9895 | D:10     | Noticed a two-headed ogre
  9896 | D:10     | Reached XP level 11. HP: 91/95 MP: 10/10
  9906 | D:10     | Killed a two-headed ogre
 10076 | D:10     | Reached skill level 5 in Shields
 10152 | D:10     | Found an ancient bone altar of Kikubaaqudgha.
 10237 | D:10     | Noticed a two-headed ogre
 10250 | D:10     | Killed a two-headed ogre
 10251 | D:10     | Reached skill level 10 in Armour
 10712 | D:10     | Found a stormy altar of Qazlal.
 11141 | D:11     | You fall into a shaft and drop 2 floors!
 11170 | D:13     | Noticed a centaur warrior
 11178 | D:13     | Killed a centaur warrior
 11308 | D:13     | Noticed a centaur warrior
 11311 | D:13     | Found Woint's General Store.
 11316 | D:13     | Killed a centaur warrior
 11317 | D:13     | Reached skill level 10 in Fighting
 11317 | D:13     | Reached skill level 5 in Dodging
 11333 | D:13     | Found Sugaxet's Antique Weapon Shop.
 11337 | D:13     | Bought a polished scimitar for 324 gold pieces
 11337 | D:13     | Identified the +6 scimitar "Gram" {drain, Int+2} (You
                  | bought it in a shop on level 13 of the Dungeon)
 11367 | D:13     | Found a flagged portal.
 11383 | Bailey   | Entered a bailey
 11691 | Bailey   | Received a gift from Trog
 11828 | Bailey   | Identified the +5 bardiche of Zaneni {flame, rC+++ Will++
                  | Stlth-}
 11973 | D:13     | Noticed a tengu warrior
 11991 | D:13     | Killed a tengu warrior
 11992 | D:13     | Reached skill level 16 in Long Blades
 11995 | D:13     | Reached XP level 12. HP: 106/106 MP: 11/11
 12029 | D:13     | Found Zathradd's Antique Armour Shop.
 12047 | D:13     | Found Famigif's Armour Emporium.
 12199 | D:13     | Reached skill level 5 in Slings
 12221 | D:13     | Identified the +0 robe of Deusun {rPois rCorr Stlth-
                  | Archmagi}
 12249 | D:13     | Found a gate to the Vaults.
 12249 | D:13     | Noticed a vault guard
 12249 | D:13     | Noticed a vault guard
 12258 | D:13     | Killed a vault guard
 12258 | D:13     | Killed a vault guard
 12477 | D:13     | Slain by a white ugly thing

Illustrated notes

Levels and vault maps discovered:
D:1:      dpeg_arrival_oval, layout_loops_ring
D:2:      layout_loops_corners
D:3:      kennysheep_goblin_castle, layout_loops_ring,
          mainiacjoe_overflow_tiny_flanked, mainiacjoe_overflow_chevrons
D:4:      layout_loops_cross, tgw_fedhas, minmay_fractal_squares_5
D:5:      layout_loops_corners, mainiacjoe_overflow_surrounded_room,
          portal_sewer_entry_b
D:6:      lemuel_slime, layout_basic, grunt_temple_overflow_gold_and_silver,
          mainiacjoe_overflow_six_doors_small, mainiacjoe_overflow_24_doors,
          minmay_temple_entry_wispy
D:7:      layout_basic, minmay_misc_feat_encased, minivault_1,
          grunt_ministairs_7, lemuel_flamethrower_2
D:8:      layout_cave_pools
D:9:      layout_cave_pools, mainiacjoe_overflow_alcove_2, lair_entry_dummy,
          orc_0_dummy, serial_shops, nicolae_shop_statue_plus, uniq_gastronok
D:10:     layout_loops_ring, nicolae_qazlal_eye_of_the_storm,
          kennysheep_little_box, mrwooster_statue_mirror
D:11:     layout_rooms, uniq_harold
D:13:     layout_loops_corners, grunt_vaults_entry_tiered, serial_shops,
          nicolae_stop_n_shop_1, nicolae_square_shop, shop, shop, enter_bailey_5

Skill      XL: |  1  2  3  4  5  6  7  8  9 10 11 12 |
---------------+-------------------------------------+-----
Long Blades    | 4 5 6 8 9 11 13 15 16 | 16.3
Fighting       | 4 5 6 8 10 | 10.7
Dodging        | 3 5 |  5.5
Armour         | 3 5 7 8 9 11 12 | 12.6
Shields        | 2 4 5 7 |  7.5
Slings         | 1 3 5 |  5.8
Throwing       | |  0.7

Action                   |  1- 3 |  4- 6 |  7- 9 | 10-12 || total
-------------------------+-------+-------+-------+-------++-------
Melee: Falchion          |    52 |   177 |   325 |   216 ||   770
       Headbutt          |     6 |    21 |    77 |    96 ||   200
       Scimitar          |       |       |       |   132 ||   132
 Fire: Hunting sling     |       |       |     4 |       ||     4
       Fustibalus        |       |       |       |    58 ||    58
Throw: Dart              |       |       |     5 |       ||     5
Invok: Berserk           |     2 |     2 |     5 |     8 ||    17
       Trog's Hand       |       |       |     2 |     4 ||     6
       Brothers in Arms  |       |       |       |     1 ||     1
  Use: Scroll            |       |     4 |     6 |     7 ||    17
       Potion            |       |       |     1 |       ||     1
 Stab: Distracted        |       |       |       |     1 ||     1
Armor: Animal skin       |    14 |     8 |       |       ||    22
       Plate armour      |       |   140 |   149 |   263 ||   552
Dodge: Dodged            |    32 |    89 |   114 |   152 ||   387
Block: Other             |       |       |    39 |       ||    39
       Buckler           |       |       |     3 |    95 ||    98
       Reflection        |       |       |     3 |     3 ||     6
       Kite shield       |       |       |       |    76 ||    76

Table legend: (Time is in decaauts)
 A = Elapsed time spent in this place.
 B = Non-inter-level travel time spent in this place.
 C = Inter-level travel time spent in this place.
 D = Time resting spent in this place.
 E = Time spent auto-exploring this place.
 F = Levels seen in this place.
 G = Mean time per level.
                   A        B        C        D        E       F      G
               +--------+--------+--------+--------+--------+-----+--------+
         Total |  12480 |  11575 |    905 |    334 |   9128 |  14 |  891.4 |
       Dungeon |  11414 |  10509 |    905 |    296 |   8648 |  12 |  951.2 |
         Sewer |    443 |    443 |      0 |      0 |    325 |   1 |  443.0 |
        Bailey |    622 |    622 |      0 |     37 |    154 |   1 |  622.0 |
               +--------+--------+--------+--------+--------+-----+--------+

Top non-repeatable levels by time:
     D:6: 1523 daAuts
     D:3: 1298 daAuts
     D:2: 1121 daAuts
     D:4: 1087 daAuts
     D:5: 1042 daAuts
    D:10: 1039 daAuts
     D:1: 943 daAuts
     D:7: 929 daAuts
     D:9: 783 daAuts
    D:13: 748 daAuts
  Bailey: 622 daAuts
     D:8: 603 daAuts
   Sewer: 443 daAuts
    D:11: 293 daAuts
